 Dungeon Crawl Stone Soup version 0.27-a0-414-gbb19ded6d3 (webtiles) character file.

Game seed: 3595196448703227015

121 Dani the Chopper (level 4, -3/36 HPs)
             Began as a Minotaur Enchanter on Feb 25, 2021.
             Slain by Natasha (6 damage)
             ... on level 2 of the Dungeon.
             The game lasted 00:05:58 (1904 turns).

Dani the Chopper (Minotaur Enchanter)               Turns: 1904, Time: 00:05:58

Health: -3/36      AC:  7    Str: 13    XL:     4   Next: 76%
Magic:  5/5        EV: 11    Int: 12    God:
Gold:   113        SH:  0    Dex: 11    Spells: 4/5 levels left

rFire    . . .     SeeInvis .   a - +1 dagger
rCold    . . .     Faith    .   (no shield)
rNeg     . . .     Spirit   .   n - +0 ring mail
rPois    .         Reflect  .   (helmet restricted)
rElec    .         Harm     .   e - +0 cloak
rCorr    .         Rampage  .   (no gloves)
Will     .....                  k - +0 pair of boots
Stlth    +.........             (no amulet)
HPRegen  0.12/turn              (no ring)
MPRegen  0.09/turn              (no ring)

@: about to teleport, attractive, flying
A: retaliatory headbutt, horns 2
a: no special abilities


You were on level 2 of the Dungeon.
You visited 1 branch of the dungeon, and saw 3 of its levels.

You collected 113 gold pieces.

Inventory:

Hand Weapons
 a - a +1 dagger (weapon)
 p - a +0 spear
 q - a +0 mace
Missiles
 l - 29 poisoned darts
Armour
 b - a +0 robe
 e - a +0 cloak (worn)
 f - a +0 plate armour
 k - a +0 pair of boots (worn)
 n - a +0 ring mail (worn)
Scrolls
 d - a scroll of teleportation
 g - a scroll of fear {unknown}
 i - a scroll of fog {unknown}
 j - a scroll of blinking {unknown}
 m - a scroll of identify
Potions
 h - a potion of attraction


   Skills:
 + Level 2.1 Fighting
 - Level 1.1 Short Blades
 * Level 3.3 Axes
 + Level 2.1 Armour
 + Level 3.1 Dodging
 - Level 2.4 Stealth
 - Level 1.3 Spellcasting
 - Level 2.0 Hexes


You had 4 spell levels left.
You knew the following spells:

 Your Spells              Type           Power        Failure   Level
a - Corona                Hex            5%           26%         1

Your spell library contained the following spells:

 Spells                   Type           Power        Failure   Level
 Ensorcelled Hibernation  Hex/Ice        6%           52%         2
 Confusing Touch          Hex            5%           63%         3
 Tukima's Dance           Hex            5%           63%         3
 Dazzling Flash           Conj/Hex       6%           77%         3


Dungeon Overview and Level Annotations

Branches:
Dungeon (3/15)

Altars:

Annotations:
D:2 Natasha


Innate Abilities, Weirdness & Mutations

You reflexively headbutt those who attack you in melee.
You have a pair of horns on your head.


Message History

Level annotation: Natasha Natasha stares at you and mumbles some strange words.
The magic dart hits you.
* * * LOW HITPOINT WARNING * * *
There is a stone staircase leading down, spattered with blood here.
You closely miss the orc. You headbutt the orc.
The orc is severely wounded.
The orc hits you but does no damage.
It was a potion of attraction.
You feel attractive to monsters. The orc hits you with a +0 dagger.
* * * LOW HITPOINT WARNING * * *
Natasha mumbles some strange words.
The orc hits you but does no damage.
It was a potion of flight.
You feel very buoyant.
You fly up into the air.
The orc barely misses you.
The crimson imp blinks!
The crimson imp is pulled toward you!
It was a potion of magic.
Magic courses through your body.
You feel yourself speed up. Natasha misses you.
The orc hits you with a +0 dagger.
* * * LOW HITPOINT WARNING * * *
The crimson imp closely misses you. Natasha barely misses you.
The crimson imp blinks!
The orc misses you. The crimson imp is pulled toward you!
The crimson imp blinks!
The crimson imp is pulled toward you! The orc hits you but does no damage.
The crimson imp is pulled toward you!
Things that are here:
a +0 flail; the felid corpse of Natasha
Okay, then.
As you read the scroll labelled IFROQI BUSY, it crumbles to dust.
It is a scroll of identify.
d - 2 scrolls of teleportation Natasha closely misses you.
You furiously retaliate!
You headbutt Natasha.
As you read the scroll of teleportation, it crumbles to dust.
You feel strangely unstable.
Natasha wildly gestures.
Natasha glows brightly for a moment.
Natasha claws you.
You die...

#.....[...##########
#.........# #######
####.###### ###......
#.# #....#### #.#
#....# #.# #....#
##'## #..†.#
#...############'#####
#.>oh@..?.............
#..5############.#####
#...# #.##### #.?§#
#...... #...# #.#####
##.... ### #....+
#....# #....#


You could see Natasha, a crimson imp (summoned) and an orc.

Vanquished Creatures
  Natasha (D:2)
  Robin (D:2)
  An adder (D:2)
  An ooze (D:3)
  A worm (D:2)
  2 dart slugs
  2 leopard geckos (D:1)
  4 orcs
  6 bats
  4 giant cockroaches
  8 goblins
  8 hobgoblins
  4 kobolds (D:1)
  2 quokkas (D:2)
  2 frilled lizards
  9 rats
56 creatures vanquished.

Notes
Turn   | Place    | Note
-------+----------+-------------------------------------------
     0 | D:1      | Dani the Minotaur Enchanter began the quest for the Orb.
     0 | D:1      | Reached XP level 1. HP: 14/14 MP: 1/1
   175 | D:1      | Reached skill level 1 in Axes
   187 | D:1      | Reached XP level 2. HP: 18/22 MP: 3/3
   413 | D:1      | Reached skill level 1 in Armour
   458 | D:1      | Reached skill level 1 in Fighting
   849 | D:1      | Reached XP level 3. HP: 24/28 MP: 4/4
  1172 | D:2      | Noticed Robin
  1550 | D:2      | Killed Robin
  1551 | D:2      | Reached XP level 4. HP: 28/36 MP: 5/5
  1716 | D:2      | Noticed Natasha
  1885 | D:2      | Killed Natasha
  1892 | D:2      | Noticed Natasha
  1904 | D:2      | Slain by Natasha

Illustrated notes

Levels and vault maps discovered:
D:1:      minmay_arrival_arboretum_small, layout_loops_cross
D:2:      layout_basic, uniq_robin, uniq_natasha
D:3:      layout_loops_cross, portal_sewer_entry_e, grunt_decor_clamped,
          uniq_ijyb, uniq_terence

Skill      XL: |  1  2  3  4 |
---------------+-------------+-----
Axes           | 1 2 3 |  3.3
Armour         | 1 2 |  2.1
Fighting       | 1 2 |  2.1
Dodging        | 3 |  3.1
Short Blades   | |  1.1
Stealth        | |  2.4
Spellcasting   | |  1.3
Hexes          | |  2.0

Action                   |  1- 3 |  4- 6 || total
-------------------------+-------+-------++-------
Melee: Dagger            |   121 |    25 ||   146
       Headbutt          |    15 |     8 ||    23
       Mace              |       |     4 ||     4
  Use: Potion            |       |     3 ||     3
       Scroll            |       |     2 ||     2
 Stab: Sleeping          |     9 |       ||     9
Armor: Robe              |    20 |       ||    20
       Plate armour      |    27 |       ||    27
       Ring mail         |     7 |    13 ||    20
Dodge: Dodged            |    56 |    27 ||    83

Table legend: (Time is in decaauts)
 A = Elapsed time spent in this place.
 B = Non-inter-level travel time spent in this place.
 C = Inter-level travel time spent in this place.
 D = Time resting spent in this place.
 E = Time spent auto-exploring this place.
 F = Levels seen in this place.
 G = Mean time per level.
                   A        B        C        D        E       F      G
               +--------+--------+--------+--------+--------+-----+--------+
         Total |   1906 |   1861 |     45 |      3 |   1310 |   3 |  635.3 |
       Dungeon |   1906 |   1861 |     45 |      3 |   1310 |   3 |  635.3 |
               +--------+--------+--------+--------+--------+-----+--------+

Top non-repeatable levels by time:
     D:1: 1124 daAuts
     D:2: 622 daAuts
     D:3: 160 daAuts
